 Dungeon Crawl Stone Soup version 0.29.1-1-gd02db6906a (webtiles) character file.

Game seed: 154932023355789465

21 Glamhuggeren the Ducker (level 2, -6/23 HPs)
             Began as a Demonspawn Gladiator on Oct 7, 2022.
             Mangled by a worm (9 damage)
             ... on level 2 of the Dungeon.
             The game lasted 00:01:52 (1689 turns).

Glamhuggeren the Ducker (Demonspawn Gladiator)      Turns: 1689, Time: 00:01:53

Health: -6/23      AC:  3    Str: 14    XL:     2   Next: 65%
Magic:  2/2        EV: 12    Int:  9    God:
Gold:   18         SH:  0    Dex: 14    Spells: 1/1 levels left

rFire   + . .      SeeInvis .   a - +0 war axe
rCold   . . .      Faith    .   (no shield)
rNeg    . . .      Spirit   .   b - +0 leather armour
rPois   .          Reflect  .   (helmet restricted)
rElec   .          Harm     .   (no cloak)
rCorr   .          Rampage  .   (no gloves)
Will    .....                   (no boots)
Stlth   +.........              (no amulet)
HPRegen 0.07/turn               j - ring of protection from fire
MPRegen 0.08/turn               (no ring)

@: no status effects
A: antennae 1
a: no special abilities


You were on level 2 of the Dungeon.
You visited 1 branch of the dungeon, and saw 2 of its levels.

You collected 18 gold pieces.

Inventory:

Hand Weapons
 a - a +0 war axe (weapon)
Missiles
 d - 3 throwing nets (quivered)
 e - a javelin
 g - 20 stones
Armour
 b - a +0 leather armour (worn)
 c - a +0 helmet
Jewellery
 j - a ring of protection from fire (left hand)
Scrolls
 i - a scroll of poison {unknown}
 k - a scroll of summoning {unknown}
 m - a scroll of vulnerability {unknown}
Potions
 f - 2 potions of flight {unknown}
 h - 2 potions of curing
 l - a potion of might {unknown}
 n - a potion of brilliance {unknown}
 o - a potion of heal wounds {unknown}
 p - a potion of magic {unknown}


   Skills:
 * Level 2.6 Fighting
 + Level 2.9 Axes
 - Level 2.0 Throwing
 + Level 2.9 Dodging


You had one spell level left.
You didn't know any spells.
Your spell library was empty.

Dungeon Overview and Level Annotations

Branches:
Dungeon (2/15)

Altars:

Shops:
D:1 ?


Innate Abilities, Weirdness & Mutations

You have a pair of small antennae on your head.


Message History

The ball python bites you. The ball python constricts you.
You barely miss the ball python.
The ball python is heavily wounded.
The ball python bites you. The ball python constricts you.
The ball python closely misses you. The ball python constricts you.
You closely miss the ball python.
The ball python is heavily wounded.
The ball python bites you but does no damage.
The ball python constricts you.
The ball python bites you but does no damage.
The ball python constricts you.
You closely miss the ball python.
The ball python is heavily wounded.
The ball python bites you but does no damage.
The ball python constricts you.
You closely miss the ball python.
The ball python is heavily wounded.
The ball python bites you.
* * * LOW HITPOINT WARNING * * *
The ball python constricts you.
* * * LOW HITPOINT WARNING * * *
The ball python bites you but does no damage.
The ball python constricts you.
It was a potion of curing.
You feel better. The ball python completely misses you.
The ball python constricts you.
You hit the ball python.
You kill the ball python!
The worm bites you.
You see here a ball python corpse.
You barely miss the worm. The worm closely misses you.
You slash the worm!
The worm is severely wounded.
The worm bites you!
* * * LOW HITPOINT WARNING * * *
You hit the worm.
The worm is almost dead.
You barely miss the worm.
The worm is almost dead.
The worm bites you!
You die...

#.# #.# #.#
..## ##.. # ..#
.# #(#.#.###†#
#.#
#.....w@..###.#
......##....#.#
..#.# ##.#.#.#
# #...#.#
##.###.##
##.......#
.......###..#
##..........#
#...######.#


You could see a worm.

Vanquished Creatures
  A dart slug (D:1)
  An endoplasm (D:1)
  A goblin (D:1)
  3 hobgoblins (D:1)
  4 ball pythons
  2 bats
  2 frilled lizards (D:1)
  3 kobolds (D:1)
  3 rats (D:1)
20 creatures vanquished.

Vanquished Creatures (others)
  3 fungi (D:1)
3 creatures vanquished.

Grand Total: 23 creatures vanquished

Notes
Turn   | Place    | Note
-------+----------+-------------------------------------------
     0 | D:1      | Glamhuggeren the Demonspawn Gladiator began the quest for
                  | the Orb.
     0 | D:1      | Reached XP level 1. HP: 16/16 MP: 1/1
   130 | D:1      | Found Kavves's Magic Scroll Boutique.
   680 | D:1      | Gained mutation: You have a pair of small antennae on your
                  | head. [demonic ancestry]
   680 | D:1      | Reached XP level 2. HP: 11/22 MP: 2/2
  1565 | D:1      | Found a faded altar of an unknown god.
  1689 | D:2      | Mangled by a worm

Illustrated notes

Levels and vault maps discovered:
D:1:      dpeg_arrival_round_b, layout_basic, serial_shops,
          nicolae_shop_competitors_out_of_business, shapermc_ecumenical_altar_gd
D:2:      layout_loops_ring, minmay_heptomino_h4

Skill      XL: |  1  2 |
---------------+-------+-----
Throwing       | 2 |  2.0
Fighting       | |  2.6
Axes           | |  2.9
Dodging        | |  2.9

Action                   || total
-------------------------++-------
Melee: War axe           ||    79
       Punch             ||     1
  Use: Potion            ||     1
Armor: Leather armour    ||    32
Dodge: Dodged            ||    60
